 Dungeon Crawl Stone Soup version 0.30-a0-368-g86fb4627a9 (webtiles) character file.

Game seed: 7546852330289809355

925 Maxmaps the Insei (level 7, -7/54 HPs)
             Began as a Demonspawn Gladiator on Nov 20, 2022.
             Killed by nerve-wracking pain
             ... invoked by a shadow imp
              (11 damage)
             ... on level 6 of the Dungeon.
             The game lasted 00:05:18 (4191 turns).

Maxmaps the Insei (Demonspawn Gladiator)            Turns: 4191, Time: 00:05:19

Health: -7/54      AC:  8    Str: 14    XL:     7   Next: 84%
Magic:  7/7        EV: 12    Int: 11    God:
Gold:   425        SH:  4    Dex: 15    Spells: 6/6 levels left

rFire   . . .      SeeInvis .      - Unarmed
rCold   . . .      Faith    .    (no shield)
rNeg    . . .      Spirit   .    b - +1 leather armour
rPois   .          Reflect  .    (helmet restricted)
rElec   .          Harm     .    (no cloak)
rCorr   .          Rampage  .    (no gloves)
Will    .....                    (no boots)
Stlth   +.........               (no amulet)
HPRegen 0.29/turn                (no ring)
MPRegen 0.10/turn                (no ring)

@: studying 2 skills
A: hooves 1, horns 2, icemail 1, condensation shield, demonic touch 1
a: no special abilities


You were on level 6 of the Dungeon.
You visited 1 branch of the dungeon, and saw 6 of its levels.

You collected 425 gold pieces.

Inventory:

Missiles
 d - 3 throwing nets (quivered)
 e - a javelin
Armour
 b - a +1 leather armour (worn)
Scrolls
 a - a scroll of teleportation
 h - a scroll of amnesia
 i - a scroll of magic mapping
 w - a scroll of fog
Potions
 c - a potion of haste
 f - 3 potions of mutation
 g - a potion of might
 m - a potion of degeneration
 n - 3 potions of curing
 o - 2 potions of heal wounds
 p - 2 potions of ambrosia
 r - a potion of cancellation {unknown}
 v - a potion of brilliance {unknown}


   Skills:
 - Level 4.1 Fighting
 - Level 2.6 Long Blades
 - Level 1.7 Throwing
 - Level 2.6 Dodging
 + Level 7.4 Unarmed Combat


You had 6 spell levels left.
You didn't know any spells.
Your spell library contained the following spells:

 Spells                   Type           Power      Damage    Failure   Level
 Sandblast                Erth           0%         2d4       41%         1
 Passwall                 Tmut/Erth      0%         N/A       56%         2
 Stone Arrow              Conj/Erth      0%         3d7       80%         3


Dungeon Overview and Level Annotations

Branches:
Dungeon (6/15)
 Temple: D:4-7

Altars:
Nemelex Xobeh
Qazlal

Annotations:
D:4 2 transporters, pigah's ghost, amateur DsBe


Innate Abilities, Weirdness & Mutations

You have large cloven feet.
You have a pair of horns on your head.
A meltable icy envelope protects you from harm. (AC +4)
A meltable shield of frost defends you. (SH +4)
Your touch may inflict minor irresistible damage on your foes.


Message History

You hit the yak.
You touch the yak.
You kill the yak!
The shadow imp closely misses you. The yak gores you but does no damage.
The yak gores you.
Your Unarmed Combat skill increases to level 7!
You punch the yak! You kick the yak, but do no damage.
You touch the yak!
The yak is heavily wounded.
You block the shadow imp's attack. The yak gores you! x2
* * * LOW HITPOINT WARNING * * *
The yak closely misses you.
You are too injured to fight recklessly!
You are too injured to fight recklessly!
You are too injured to fight recklessly!
You are too injured to fight recklessly!
You are too injured to fight recklessly!
You are too injured to fight recklessly!
You are too injured to fight recklessly!
You are too injured to fight recklessly!
You are too injured to fight recklessly!
You are too injured to fight recklessly!
You are too injured to fight recklessly!
You are too injured to fight recklessly!
You are too injured to fight recklessly!
You are too injured to fight recklessly!
You are too injured to fight recklessly!
Unknown command.
The yak attacks as you move away! The yak gores you.
* * * LOW HITPOINT WARNING * * *
The shadow imp hits you.
* * * LOW HITPOINT WARNING * * *
The shadow imp attacks as you move away!
The shadow imp barely misses you. The yak gores you but does no damage.
Okay, then.
The yak attacks as you move away! The yak gores you.
* * * LOW HITPOINT WARNING * * *
The shadow imp attacks as you move away!
The shadow imp hits you but does no damage.
The shadow imp gestures at you. Pain shoots through your body!
You die...

#..... .. ##...... ...
....... .... .... #.##
..... # #..#
#..######...... ##. ##..#
##.....<......# .#...#...#
#..##........##
.........###.######[.....#
#.Y.Y##@.# ......#
###YY5...# ...#...
#..###.)# ...# .. #.##
##.... .... # #.# #..##
##... ..# .## #..# ## ....
...#


You could see 2 yaks and a shadow imp.

Vanquished Creatures
  A yak (D:6)
  An ogre (D:5)
  Blork the orc (D:5)
  A necrophage (D:5)
  2 scorpions (D:5)
  A crimson imp (D:5)
  A howler monkey (D:5)
  5 hounds (D:5)
  An iguana (D:3)
  A gnoll (D:4)
  9 adders
  2 white imps (D:5)
  2 ufetubi
  2 worms
  A dart slug (D:1)
  13 orcs
  7 ball pythons
  5 endoplasms
  4 giant cockroaches
  7 goblins
  5 hobgoblins
  2 jackals (D:4)
  4 quokkas
  3 bats
  3 frilled lizards (D:1)
  9 kobolds
  6 rats
99 creatures vanquished.

Vanquished Creatures (others)
  2 plants (D:2)
  4 withered plants (D:2)
6 creatures vanquished.

Grand Total: 105 creatures vanquished

Notes
Turn   | Place    | Note
-------+----------+-------------------------------------------
     0 | D:1      | Maxmaps the Demonspawn Gladiator began the quest for the
                  | Orb.
     0 | D:1      | Reached XP level 1. HP: 16/16 MP: 1/1
   224 | D:1      | Gained mutation: A meltable shield of frost defends you.
                  | (SH +4) [demonic ancestry]
   224 | D:1      | Reached XP level 2. HP: 23/23 MP: 2/2
   641 | D:2      | Discovered your monstrous ancestry.
   641 | D:2      | Gained mutation: You have a pair of small horns on your
                  | head. [demonic ancestry]
   641 | D:2      | Reached XP level 3. HP: 16/30 MP: 3/3
  1057 | D:2      | Found a faded altar of an unknown god.
  1149 | D:2      | Reached skill level 1 in Unarmed Combat
  1149 | D:2      | Gained mutation: You have large cloven feet. [demonic
                  | ancestry]
  1149 | D:2      | Reached XP level 4. HP: 37/37 MP: 4/4
  1637 | D:3      | Reached skill level 2 in Unarmed Combat
  1972 | D:3      | Gained mutation: Your touch may inflict minor irresistible
                  | damage on your foes. [demonic ancestry]
  1972 | D:3      | Reached XP level 5. HP: 25/42 MP: 5/5
  1974 | D:3      | Reached skill level 3 in Unarmed Combat
  2070 | D:3      | Found a sparkling altar of Nemelex Xobeh.
  2538 | D:4      | Found a transporter.
  2550 | D:4      | Found a transporter.
  2613 | D:4      | Found a stormy altar of Qazlal.
  3032 | D:4      | Noticed pigah's ghost (amateur DsBe)
  3066 | D:5      | Entered Level 5 of the Dungeon
  3074 | D:5      | Identified a scroll of acquirement
  3074 | D:5      | Acquired a manual of Necromancy
  3251 | D:5      | Reached skill level 4 in Unarmed Combat
  3327 | D:5      | Noticed Blork the orc
  3344 | D:5      | Killed Blork the orc
  3345 | D:5      | Gained mutation: You have a pair of horns on your head.
                  | [demonic ancestry]
  3345 | D:5      | Reached XP level 6. HP: 47/48 MP: 6/6
  3357 | D:5      | Reached skill level 5 in Unarmed Combat
  3507 | D:5      | Gained mutation: A meltable icy envelope protects you from
                  | harm. (AC +4) [demonic ancestry]
  3507 | D:5      | Reached XP level 7. HP: 51/54 MP: 7/7
  3540 | D:5      | Reached skill level 6 in Unarmed Combat
  4130 | D:5      | Acquired a manual of Stealth
  4176 | D:6      | Noticed a yak
  4177 | D:6      | Noticed a yak
  4178 | D:6      | Noticed a yak
  4179 | D:6      | Noticed a yak
  4179 | D:6      | Noticed a yak
  4181 | D:6      | Noticed a yak
  4186 | D:6      | Killed a yak
  4187 | D:6      | Reached skill level 7 in Unarmed Combat
  4191 | D:6      | Killed from afar by a shadow imp

Illustrated notes

Levels and vault maps discovered:
D:1:      scummos_arrival_checkerplants, layout_rooms, due_unseen_surprise
D:2:      layout_loops_ring, shapermc_ecumenical_altar_flowoftime
D:3:      minmay_chambers_of_threes, layout_rooms, nemelex_dance_club_becter,
          kennysheep_generic_room_7
D:4:      layout_basic, nicolae_qazlal_eye_of_the_storm,
          gammafunk_ghost_stat_death, sigmund_army
D:5:      layout_basic, minmay_fire_ice_demons, uniq_blork_the_orc
D:6:      layout_layer_cave, nicolae_ru_great_annihilating_truth,
          nicolae_overflow_two_pavilions, minivault_19

Skill      XL: |  1  2  3  4  5  6  7 |
---------------+----------------------+-----
Fighting       | 3 4 |  4.1
Unarmed Combat | 1 2 4 5 7 |  7.4
Long Blades    | |  2.6
Throwing       | |  1.7
Dodging        | |  2.6

Action                   |  1- 3 |  4- 6 |  7- 9 || total
-------------------------+-------+-------+-------++-------
Melee: Long sword        |    93 |   139 |       ||   232
       Punch             |     2 |     3 |     1 ||     6
       Headbutt          |     2 |    29 |     7 ||    38
       Kick              |       |    62 |    15 ||    77
       Unarmed           |       |    25 |    56 ||    81
       Touch             |       |    10 |    12 ||    22
  Use: Scroll            |       |    14 |     4 ||    18
 Stab: Sleeping          |       |     2 |       ||     2
Armor: Leather armour    |    22 |    22 |    20 ||    64
Dodge: Dodged            |    60 |    94 |    28 ||   182
Block: Other             |    14 |    23 |    12 ||    49

Table legend: (Time is in decaauts)
 A = Elapsed time spent in this place.
 B = Non-inter-level travel time spent in this place.
 C = Inter-level travel time spent in this place.
 D = Time resting spent in this place.
 E = Time spent auto-exploring this place.
 F = Levels seen in this place.
 G = Mean time per level.
                   A        B        C        D        E       F      G
               +--------+--------+--------+--------+--------+-----+--------+
         Total |   4247 |   4098 |    149 |    664 |   2722 |   6 |  707.8 |
       Dungeon |   4247 |   4098 |    149 |    664 |   2722 |   6 |  707.8 |
               +--------+--------+--------+--------+--------+-----+--------+

Top non-repeatable levels by time:
     D:3: 1001 daAuts
     D:5: 981 daAuts
     D:2: 856 daAuts
     D:4: 802 daAuts
     D:1: 579 daAuts
     D:6: 26 daAuts
